 Dungeon Sprint DCSS version 0.30-a0-219-gf2db51d15e (webtiles) character file.

Game seed: 10540548801132167823

268 rocky1 the Sneak (level 6, -6/61 HPs)
             Began as a Naga Warper on Oct 8, 2022.
             Was a High Priest of Cheibriados.
             Mangled by Pikel
             ... wielding a +0 whip of electrocution
              (13 damage)
             ... in the Dungeon (Sprint VII: "The Pits").
             The game lasted 00:03:30 (512 turns).

rocky1 the Sneak (Naga Warper)                       Turns: 512, Time: 00:03:31

Health: -6/61      AC:  3    Str: 28    XL:     6   Next: 21%
Magic:  6/14       EV: 10    Int: 25    God:    Cheibriados [*****.]
Gold:   0          SH:  0    Dex: 22    Spells: 4/16 levels left

rFire   . . .      SeeInvis +    o - +0 trident (vorpal)
rCold   . . .      Faith    .    (no shield)
rNeg    . . .      Spirit   .    b - +0 leather armour
rPois   +          Reflect  .    (no helmet)
rElec   .          Harm     .    (no cloak)
rCorr   .          Rampage  .    (no gloves)
Will    .....      NoTele   +    (no barding)
Stlth   ++++......               (no amulet)
HPRegen 0.30/turn                (no ring)
MPRegen 0.14/turn                (no ring)

@: short of breath, very slow
A: AC +2, large, see invisible, deformed body, poison resistance, slowness 2,
spit poison 1, naga tail 1
a: Spit Poison, Renounce Religion, Bend Time, Temporal Distortion, Slouch, Step
From Time


You were in the Dungeon.
You worshipped Cheibriados.
Cheibriados was extremely pleased with you.
You visited 1 branch

Inventory:

Hand Weapons
 o - a +0 vorpal trident (weapon)
Missiles
 d - 7 boomerangs of dispersal (quivered)
Armour
 b - a +0 leather armour (worn)
 n - a +3 ring mail
Scrolls
 c - 2 scrolls of blinking
 k - 5 scrolls of amnesia
 l - a scroll of summoning
Potions
 e - 6 potions of curing
 f - 4 potions of heal wounds
 h - 4 potions of magic
 i - 2 potions of berserk rage
 j - 2 potions of invisibility


   Skills:
 + Level 5.2 Fighting
 + Level 6.3 Polearms
 - Level 0.8 Throwing
 - Level 0.7 Armour
 - Level 1.5 Dodging
 + Level 6.6 Stealth
 + Level 5.7 Spellcasting
 + Level 5.9 Translocations
 + Level 3.5 Invocations


You had 4 spell levels left.
You knew the following spells:

 Your Spells              Type           Power      Damage    Failure   Level
a - Blink                 Tloc           74%        N/A       1%          2
b - Vhi's Electric Charg  Tloc/Air       44%        N/A       8%          3
c - Manifold Assault      Tloc           37%        N/A       7%          4
d - Teleport Other        Tloc           37%        N/A       2%          3

Your spell library contained the following spells:

 Spells                   Type           Power      Damage    Failure   Level
 Lesser Beckoning         Tloc           74%        N/A       2%          3


Dungeon Overview and Level Annotations

Branches:
Dungeon (1/1)

Altars:
Ashenzari
Cheibriados
Dithmenos
Elyvilon
Fedhas
Gozag
Hepliaklqana
Kikubaaqudgha
Makhleb
Nemelex Xobeh
Okawaru
Qazlal
Ru
Sif Muna
Trog
Uskayaw
Vehumet
Wu Jian
Xom
Yredelemnul
Zin
The Shining One
Jiyva
Lugonu

Annotations:
D Pikel


Innate Abilities, Weirdness & Mutations

Your serpentine skin is tough. (AC +2)
You have supernaturally acute eyesight. (SInv)
Armour fits poorly on your strangely shaped body.
Your system is resistant to poisons. (rPois)
You cover ground very slowly.
You can spit poison.
You have a snake-like lower body.


Message History

You kill the ufetubus!
Cheibriados thoroughly appreciates the change of pace.
Cheibriados raises the support of your attributes as your movement slows.
You destroy the bat skeleton!
Cheibriados thoroughly appreciates the change of pace.
Your Fighting skill gained 2 levels and is now at level 5!
Your Polearms skill increases to level 6!
Your Stealth skill gained 3 levels and is now at level 6!
Your Spellcasting skill increases to level 5!
Your Translocations skill increases to level 5!
Your Invocations skill gained 3 levels and is now at level 3!
You have reached level 5!
You have reached level 6!
Your skin feels tougher.
Unknown command.
You start resting.
Pikel, Merchant of Souls comes into view.
He is wielding a +0 whip of electrocution and carrying a wand of roots (7).
Unknown command.
A lemure comes into view.
Pikel zaps a wand.
The roots erupt in riotous growth!
The grasping roots grab you! The grasping roots constrict you!
You hear a shout!
Unknown command.
Aiming: Spit Poison (1% risk of failure)
Press: ? - help, Shift-Dir - straight line, f - Pikel
Aim: Pikel, wielding a +0 whip of electrocution, wearing a +0 robe and carrying a wand of roots (6) (50% to hit)
The splash of poison hits Pikel!
Pikel is poisoned.
Pikel is lightly wounded.
The grasping roots constrict you.
You escape the roots grasp.
Pikel hits you with a +0 whip of electrocution.
Pikel hits you with a +0 whip of electrocution!
You are electrocuted!
* * * LOW HITPOINT WARNING * * *
Pikel says, "You'll feel the lick of my whip!"
Pikel hits you with a +0 whip of electrocution.
* * * LOW HITPOINT WARNING * * *
You are electrocuted!
You die...

#'#####÷#####.....
#.#...#.#.[##.....
#.#...#.#))#####'#
#.#...÷.#))##.....
#.##'####))##.....
#.#.....#..##.....
#.#.....#'###...<.
#.#........##.....
#@#........##.....
#K###########.....
#5...5.Z# ######
#.###...# #.# .#
#.# #.. #.. #..


You could see Pikel (poisoned) and a lemure.

Vanquished Creatures
  A flying skull (D)
  2 lemures (D)
  A necrophage (D)
  2 adders (D)
  A gnoll (D)
  2 ufetubi (D)
  A bat skeleton (D)
  2 hobgoblins (D)
  A ball python skeleton (D)
  A frilled lizard (D)
  A rat (D)
15 creatures vanquished.

Notes
Turn   | Place    | Note
-------+----------+-------------------------------------------
     0 | D        | rocky1 the Naga Warper began the quest for the Orb.
     0 | D        | Reached XP level 1. HP: 19/19 MP: 3/3
    21 | D        | Reached XP level 2. HP: 17/27 MP: 3/5
   193 | D        | Found a bloodstained altar of Trog.
   193 | D        | Found a shimmering blue altar of Sif Muna.
   193 | D        | Found a viscous altar of Jiyva.
   193 | D        | Found a hazy altar of Hepliaklqana.
   193 | D        | Found an opulent altar of Gozag.
   194 | D        | Found a glowing golden altar of the Shining One.
   194 | D        | Found a glowing silver altar of Zin.
   194 | D        | Found a basalt altar of Yredelemnul.
   194 | D        | Found a shimmering altar of Xom.
   194 | D        | Found an ornate altar of the Wu Jian Council.
   194 | D        | Found a sacrificial altar of Ru.
   194 | D        | Found a stormy altar of Qazlal.
   194 | D        | Found an iron altar of Okawaru.
   194 | D        | Found a sparkling altar of Nemelex Xobeh.
   194 | D        | Found a burning altar of Makhleb.
   194 | D        | Found a blossoming altar of Fedhas.
   194 | D        | Found a white marble altar of Elyvilon.
   194 | D        | Found a shadowy altar of Dithmenos.
   194 | D        | Found a snail-covered altar of Cheibriados.
   198 | D        | Found a corrupted altar of Lugonu.
   198 | D        | Found a radiant altar of Vehumet.
   199 | D        | Found a broken altar of Ashenzari.
   199 | D        | Found an ancient bone altar of Kikubaaqudgha.
   199 | D        | Found a hide-covered altar of Uskayaw.
   205 | D        | Became a worshipper of Cheibriados the Contemplative
   225 | D        | Reached * piety under Cheibriados
   233 | D        | Reached ** piety under Cheibriados
   254 | D        | Learned a level 2 spell: Blink
   256 | D        | Noticed a necrophage
   262 | D        | Reached *** piety under Cheibriados
   263 | D        | Reached XP level 3. HP: 33/33 MP: 8/8
   265 | D        | Reached skill level 1 in Stealth
   270 | D        | Killed a necrophage
   270 | D        | Reached **** piety under Cheibriados
   271 | D        | Reached skill level 5 in Polearms
   271 | D        | Reached XP level 4. HP: 34/44 MP: 8/10
   438 | D        | Learned a level 3 spell: Vhi's Electric Charge
   443 | D        | Learned a level 4 spell: Manifold Assault
   447 | D        | Learned a level 3 spell: Teleport Other
   492 | D        | Noticed a lemure
   493 | D        | Noticed a lemure
   493 | D        | Noticed a flying skull
   499 | D        | Killed a lemure
   506 | D        | Killed a flying skull
   506 | D        | Killed a lemure
   506 | D        | Reached ***** piety under Cheibriados
   507 | D        | Reached skill level 5 in Fighting
   507 | D        | Reached skill level 5 in Spellcasting
   507 | D        | Reached skill level 5 in Translocations
   507 | D        | Reached XP level 5. HP: 46/52 MP: 5/13
   507 | D        | Reached XP level 6. HP: 54/61 MP: 5/14
   508 | D        | Noticed Pikel
   512 | D        | Mangled by Pikel

Illustrated notes

Levels and vault maps discovered:
D:        pitsprint [storerooms_1, entrance_room_1, metal_vault_8, armoury_1,
          mini_pit_1, grid_room_1, main_hall_1, silver_pit, the_coven_1,
          the_vestibule_1, steel_vault_5, golden_pit, hallway_of_sentries,
          crystal_vault_5, iron_vault_1, final_vault]

Skill      XL: |  1  2  3  4 |
---------------+-------------+-----
Polearms       | 3 5 6 |  6.3
Spellcasting   | 3 4 5 |  5.7
Fighting       | 3 5 |  5.2
Stealth        | 3 6 |  6.6
Translocations | 4 5 |  5.9
Invocations    | 3 |  3.5
Throwing       | |  0.8
Armour         | |  0.7
Dodging        | |  1.5

Action                   |  1- 3 |  4- 6 || total
-------------------------+-------+-------++-------
Melee: Spear             |     3 |       ||     3
       Trident           |    17 |     4 ||    21
       Punch             |     1 |       ||     1
Invok: Slouch            |       |     1 ||     1
 Abil: Spit Poison       |     1 |     1 ||     2
  Use: Potion            |     2 |     1 ||     3
 Stab: Sleeping          |     1 |       ||     1
Armor: Leather armour    |     5 |     1 ||     6
Dodge: Dodged            |    13 |    10 ||    23

Table legend: (Time is in decaauts)
 A = Elapsed time spent in this place.
 B = Non-inter-level travel time spent in this place.
 C = Inter-level travel time spent in this place.
 D = Time resting spent in this place.
 E = Time spent auto-exploring this place.
 F = Levels seen in this place.
 G = Mean time per level.
                   A        B        C        D        E       F      G
               +--------+--------+--------+--------+--------+-----+--------+
         Total |    655 |    618 |     37 |    312 |      0 |   1 |  655.0 |
       Dungeon |    655 |    618 |     37 |    312 |      0 |   1 |  655.0 |
               +--------+--------+--------+--------+--------+-----+--------+

Top non-repeatable levels by time:
       D: 655 daAuts
